 Dungeon Crawl Stone Soup version 0.20.1-4-g4af34eaf8e (webtiles) character file.

65 Alfie the Shooter (level 3, -1/30 HPs)
             Began as a Minotaur Hunter on Mar 9, 2020.
             Slain by an orc warrior
             ... wielding a +0 dire flail
              (12 damage)
             ... on level 4 of the Dungeon.
             The game lasted 00:05:19 (1497 turns).

Alfie the Shooter (Minotaur Hunter)                 Turns: 1497, Time: 00:05:19

Health: -1/30      AC:  3    Str: 15 (17) XL:     3   Next: 94%
Magic:  2/2        EV: 12    Int:  7 (8)  God:
Gold:   112        SH:  0    Dex: 10      Spells: 2/2 levels left

rFire    . . .     SeeInvis .   b - +0 short sword
rCold    . . .     Gourm    .   (no shield)
rNeg     . . .     Faith    .   c - +0 leather armour
rPois    .         Spirit   .   (helmet restricted)
rElec    .         Reflect  .   (no cloak)
rCorr    .         Harm     .   (no gloves)
MR       .....                  (no boots)
Stlth    +.........             o - amulet of regeneration
Regen    0.5/turn               (no ring)
MPRegen  0.1/turn               (no ring)

@: no status effects
A: retaliatory headbutt, horns 2
a: no special abilities


You were on level 4 of the Dungeon.
You were not hungry.

You visited 1 branch of the dungeon, and saw 4 of its levels.

You collected 112 gold pieces.

Inventory:

Hand Weapons
 a - a +1 shortbow
 b - a +0 short sword (weapon)
Missiles
 d - 14 arrows
Armour
 c - a +0 leather armour (worn)
 j - a +0 pair of boots
Jewellery
 o - an amulet of regeneration (around neck)
Scrolls
 e - a scroll of recharging
 n - 3 scrolls of identify
Potions
 g - a potion of curing
 h - a potion of haste {unknown}
 i - a potion of cancellation
 l - a potion of might {unknown}
Comestibles
 f - a bread ration
 k - a meat ration


   Skills:
 + Level 2.8 Fighting
 + Level 0.4 Short Blades
 + Level 5.4 Bows
 + Level 1.2 Armour
 + Level 2.2 Dodging
 + Level 1.2 Stealth


You had 2 spell levels left.
You didn't know any spells.

Dungeon Overview and Level Annotations

Branches:
Dungeon (4/15)
 Temple: D:4-7

Altars:
Hepliaklqana


Innate Abilities, Weirdness & Mutations

You reflexively headbutt those who attack you in melee.
You have a pair of horns on your head.


Message History

The orc warrior is moderately wounded.
The orc warrior barely misses you.
You hit the orc warrior but do no damage.
The orc warrior is moderately wounded.
The orc warrior barely misses you. You furiously retaliate!
You headbutt the orc warrior, but do no damage.
It was a potion of curing.
You feel better. The orc warrior closely misses you.
You hit the orc warrior but do no damage.
The orc warrior is moderately wounded.
The orc warrior closely misses you.
You hit the orc warrior but do no damage.
The orc warrior is moderately wounded.
The orc warrior hits you with a dire flail.
You hit the orc warrior. You headbutt the orc warrior.
The orc warrior is severely wounded.
The orc warrior closely misses you.
You barely miss the orc warrior.
The orc warrior is severely wounded.
The orc warrior hits you with a dire flail!
You die...

#######
#(....#
#.....###
#........
#####o....#
#....@....#
#.####.####
.# .# .# >.
.# ##


You could see an orc warrior.

Vanquished Creatures
  An orc priest (D:3)
  An ooze (D:2)
  2 dart slugs (D:2)
  3 bats (D:1)
  2 goblins
  5 hobgoblins
  A ball python (D:2)
  A frilled lizard (D:2)
  4 kobolds
  11 rats
31 creatures vanquished.

Notes
Turn   | Place    | Note
-------+----------+-------------------------------------------
     0 | D:1      | Alfie the Minotaur Hunter began the quest for the Orb.
     0 | D:1      | Reached XP level 1. HP: 18/18 MP: 0/0
   495 | D:1      | Reached XP level 2. HP: 25/25 MP: 1/1
   697 | D:2      | Reached skill level 5 in Bows
  1040 | D:2      | Reached XP level 3. HP: 30/30 MP: 2/2
  1147 | D:2      | Reached skill level 1 in Armour
  1185 | D:2      | Found a hazy altar of Hepliaklqana.
  1465 | D:3      | Noticed an orc warrior
  1467 | D:3      | Reached skill level 1 in Stealth
  1489 | D:4      | HP: 1/30 [orc warrior/dire flail (7)]
  1497 | D:4      | Slain by an orc warrior

Skill      XL: |  1  2  3 |
---------------+----------+-----
Bows           | 5 |  5.4
Armour         | 1 |  1.2
Stealth        | 1 |  1.2
Fighting       | |  2.8
Short Blades   | |  0.4
Dodging        | |  2.2

Action                   || total
-------------------------++-------
Melee: Short sword       ||    33
       Headbutt          ||     5
 Fire: Shortbow          ||    83
  Use: Potion            ||     5
       Scroll            ||     5
 Stab: Sleeping          ||     2
  Eat: Bread ration      ||     1
Armor: Leather armour    ||    15
Dodge: Dodged            ||    43
